 Dungeon Crawl Stone Soup version 0.28.0-1-gb440e238dd (webtiles) character file.

Game seed: 6156968281125874102

4933 chmiii the Basher (level 10, -19/100 HPs)
             Began as a Troll Gladiator on Feb 20, 2022.
             Was a Priest of Qazlal.
             Demolished by a death knight (41 damage)
             ... on level 6 of the Dungeon on Feb 21, 2022.
             The game lasted 00:41:55 (6402 turns).

chmiii the Basher (Troll Gladiator)                 Turns: 6402, Time: 00:41:56

Health: -19/100    AC:  7    Str: 24    XL:     10   Next: 27%
Magic:  13/13      EV: 11    Int:  6    God:    Qazlal [***...]
Gold:   322        SH:  4    Dex: 19    Spells: 9/9 levels left

rFire   . . .      SeeInvis .   w - +5 demon whip (elec)
rCold   + . .      Faith    .   (no shield)
rNeg    . . .      Spirit   .   N - +0 steam dragon scales
rPois   .          Reflect  .   c - +0 hat
rElec   .          Harm     .   (no cloak)
rCorr   .          Rampage  .   (gloves unavailable)
Will    .....                   (boots unavailable)
Stlth   +.........              (no amulet)
HPRegen 1.06/turn               l - ring of protection from cold
MPRegen 0.13/turn               o - +6 ring of dexterity

@: no status effects
A: large, unfitting armour, claws 3, regeneration 1, shaggy fur 1, tough skin 1
a: Renounce Religion, Upheaval, Elemental Force


You were on level 6 of the Dungeon.
You worshipped Qazlal.
Qazlal was most pleased with you.
You visited 1 branch of the dungeon, and saw 7 of its levels.
You also visited: Sewer.

You collected 322 gold pieces.

Inventory:

Hand Weapons
 a - a +3 dire flail of draining
 b - a +0 hunting sling
 w - a +5 demon whip of electrocution (weapon)
Missiles
 m - 56 sling bullets
 B - 35 poisoned darts (quivered)
 G - 2 curare-tipped darts
Armour
 c - a +0 hat (worn)
 f - a +0 robe
 N - +0 steam dragon scales (worn)
Jewellery
 l - a ring of protection from cold (left claw)
 o - a +6 ring of dexterity (right claw)
 p - a ring of ice
 r - an amulet of magic regeneration
Wands
 d - a wand of mindburst (1)
 z - a wand of charming (10)
 A - a wand of paralysis (8)
 H - a wand of digging (5)
 I - a wand of acid (6)
 J - a wand of flame (6)
Scrolls
 g - a scroll of amnesia
 h - 3 scrolls of fog
 i - a scroll of blinking {unknown}
 j - a scroll of magic mapping {unknown}
 s - a scroll of vulnerability {unknown}
 t - a scroll of immolation {unknown}
 y - a scroll of teleportation {unknown}
 K - a scroll of fear {unknown}
 L - a scroll of enchant weapon
Potions
 e - 3 potions of brilliance {unknown}
 k - 2 potions of curing
 n - a potion of attraction
 q - a potion of flight
 u - 3 potions of mutation
 x - a potion of cancellation {unknown}
 C - 3 potions of magic {unknown}
 D - a potion of resistance {unknown}
 E - a potion of might {unknown}
 F - a potion of heal wounds {unknown}
 M - 2 potions of lignification {unknown}


   Skills:
 + Level 6.6 Fighting
 * Level 10.5 Maces & Flails
 - Level 1.7 Throwing
 - Level 2.4 Dodging
 + Level 6.4 Invocations


You had 9 spell levels left.
You didn't know any spells.
Your spell library contained the following spells:

 Spells                   Type           Power      Damage    Failure   Level
 Sublimation of Blood     Necr           0%         N/A       58%         2
 Wereblood                Tmut           0%         N/A       58%         2
 Summon Hydra             Summ           0%         N/A       100%        7


Dungeon Overview and Level Annotations

Branches:
Dungeon (7/15)             Temple (0/1) D:4           Sewer (visited)

Altars:
Qazlal
Wu Jian
Xom
Zin
The Shining One

Annotations:
D:3 exclusion: downstairs


Innate Abilities, Weirdness & Mutations

You are too large for most types of armour.
You have claws for hands.
Your natural rate of healing is unusually fast.
You are covered in fur. (AC +1)
You have tough skin. (AC +1)


Message History

You are too injured to fight recklessly!
You are too injured to fight recklessly!
There is a stone staircase leading down, spattered with blood here.
Fire: 58 sling bullets
Press: ? - help, Q - select action, (/) - cycle Shift-Dir - straight line, f - death knight
Aim: a death knight, wielding a +4 battleaxe and wearing a +0 chain mail (moderately wounded, 64% to hit)
You shoot a sling bullet. The sling bullet hits the death knight.
The death knight is moderately wounded.
The death knight offers itself to Yredelemnul, and fills with unholy energy.
Fire: 57 sling bullets
Press: ? - help, Q - select action, (/) - cycle Shift-Dir - straight line, f/p - death knight
Aim: a death knight, wielding a +4 battleaxe and wearing a +0 chain mail (moderately wounded, reflecting injuries, 64% to hit)
You shoot a sling bullet.
The sling bullet hits the death knight but does no damage.
The death knight is moderately wounded.
The death knight's dark mirror aura disappears.
You hear the crackle of electricity.
w - a +5 demon whip of electrocution (weapon)
You closely miss the death knight.
The death knight is moderately wounded.
The death knight hits you with a +4 battleaxe.
You are too injured to fight recklessly!
You are too injured to fight recklessly!
You are too injured to fight recklessly!
You completely miss the death knight.
The death knight is moderately wounded.
You hit the death knight.
The death knight is moderately wounded.
The death knight barely misses you.
You hit the death knight but do no damage.
Lightning courses through the death knight!
The death knight is heavily wounded.
The death knight hits you with a +4 battleaxe!!
* * * LOW HITPOINT WARNING * * *
You hit the death knight but do no damage.
The death knight is heavily wounded.
You closely miss the death knight.
The death knight is heavily wounded.
The death knight hits you with a +4 battleaxe!!!
You die...

#.# #..... #.######
######
#......########
#########.........
##.#######.########
#.......(..########
##.#######.#.......
#p# #.#.###... #@#
#p#.# #.## #>#
#>#.# #.# #(####
#(#.###.##
#....####.#.......
#.........#####.##
#....###### #.#
#.#.## #.# #.#.#
#.# #.#.## #.#


You could see a death knight.

Vanquished Creatures
  A deep elf pyromancer (D:7)
  An ugly thing (D:7)
  A steam dragon (D:7)
  Menkaure (D:4)
  Edmund (D:4)
  A water moccasin (D:7)
  4 sky beasts
  An ice beast (D:6)
  2 necrophages
  2 black bears
  2 ogres
  4 centaurs
  4 kobold brigands
  2 bullfrogs (D:7)
  A water moccasin zombie (D:5)
  A wyvern skeleton (D:7)
  A water moccasin skeleton (D:5)
  11 killer bees (D:7)
  8 wights
  A centaur zombie (D:7)
  3 jellies
  A bullfrog zombie (D:3)
  3 orc priests
  2 hounds (D:7)
  A bullfrog skeleton (D:5)
  2 centaur skeletons
  Natasha (D:2)
  2 iguanas (D:5)
  6 orc wizards
  A killer bee zombie (D:6)
  A howler monkey zombie (D:7)
  5 gnolls
  8 adders
  A river rat (D:6)
  An ufetubus (D:7)
  An adder skeleton (D:4)
  A worm (D:2)
  6 dart slugs
  14 orcs
  9 endoplasms
  3 giant cockroaches
  8 goblins
  10 hobgoblins
  4 jackals (D:2)
  7 quokkas
  13 ball pythons
  11 bats
  6 frilled lizards
  16 kobolds
  8 rats
205 creatures vanquished.

Vanquished Creatures (others)
  A white imp (D:7)
  2 plants (Sewer)
3 creatures vanquished.

Grand Total: 208 creatures vanquished

Notes
Turn   | Place    | Note
-------+----------+-------------------------------------------
     0 | D:1      | chmiii the Troll Gladiator began the quest for the Orb.
     0 | D:1      | Reached XP level 1. HP: 19/19 MP: 0/0
    17 | D:1      | You fall into a shaft and drop 1 floor!
    94 | D:1      | Reached skill level 3 in Maces & Flails
    95 | D:1      | Reached XP level 2. HP: 28/28 MP: 1/1
   404 | D:1      | Found a faded altar of an unknown god.
   939 | D:2      | Reached XP level 3. HP: 32/35 MP: 2/2
  1154 | D:2      | Noticed Natasha
  1162 | D:2      | Killed Natasha
  1163 | D:2      | Reached skill level 4 in Maces & Flails
  1163 | D:2      | Reached XP level 4. HP: 32/44 MP: 3/3
  1551 | D:3      | Reached XP level 5. HP: 30/50 MP: 4/4
  1842 | D:3      | Found a stormy altar of Qazlal.
  1890 | D:3      | Became a worshipper of Qazlal Stormbringer
  2295 | D:4      | Noticed Menkaure
  2313 | D:4      | Killed Menkaure
  2314 | D:4      | Reached skill level 5 in Maces & Flails
  2314 | D:4      | Reached skill level 1 in Invocations
  2314 | D:4      | Reached XP level 6. HP: 17/61 MP: 5/5
  2565 | D:4      | Found a staircase to the Ecumenical Temple.
  2639 | D:4      | Noticed Edmund
  2757 | D:3      | Reached XP level 7. HP: 36/64 MP: 7/7
  2963 | D:4      | Found an ornate altar of the Wu Jian Council.
  3102 | D:4      | Found a shimmering altar of Xom.
  3116 | D:4      | Killed Edmund
  3117 | D:4      | Reached skill level 6 in Maces & Flails
  3259 | D:4      | Found a glowing golden altar of the Shining One.
  3504 | D:5      | Entered Level 5 of the Dungeon
  3689 | D:5      | Reached * piety under Qazlal
  3880 | D:5      | Reached XP level 8. HP: 75/78 MP: 9/9
  3984 | D:5      | Reached skill level 7 in Maces & Flails
  4287 | D:6      | Found a glowing drain.
  4292 | Sewer    | Entered a sewer
  4437 | Sewer    | Reached ** piety under Qazlal
  4588 | D:6      | Reached skill level 5 in Fighting
  4588 | D:6      | Reached skill level 8 in Maces & Flails
  4830 | D:6      | Found a glowing silver altar of Zin.
  4860 | D:6      | Reached XP level 9. HP: 79/88 MP: 11/11
  5568 | D:7      | Reached skill level 5 in Invocations
  5610 | D:7      | Reached *** piety under Qazlal
  5633 | D:7      | Reached skill level 9 in Maces & Flails
  6110 | D:7      | Reached skill level 10 in Maces & Flails
  6112 | D:7      | Noticed a cyan ugly thing
  6134 | D:7      | Killed a cyan ugly thing
  6135 | D:7      | Reached XP level 10. HP: 80/100 MP: 13/13
  6178 | D:7      | Noticed a deep elf pyromancer
  6193 | D:7      | Killed a deep elf pyromancer
  6332 | D:7      | Noticed a death knight
  6402 | D:6      | Demolished by a death knight

Illustrated notes

Levels and vault maps discovered:
D:1:      evilmike_arrival_fibonacci_small, layout_basic,
          nicolae_ecumenical_lake_church, minmay_split_cup_large
D:2:      layout_rooms, uniq_natasha
D:3:      layout_basic, grunt_qazlal_sundering, corner_web_ring
D:4:      layout_loops_ring, mainiacjoe_overflow_small_starburst,
          kennysheep_mini_moat, nicolae_wu_jian_immortal_techniques,
          minmay_temple_entry_statues, ebering_dispersal_statue_hall,
          hex_medium, minmay_misc_feat_tower, minmay_door_square, uniq_edmund,
          uniq_menkaure
D:5:      cheibrodos_helix_gallery, layout_basic
D:6:      layout_loops_ring, lemuel_round_altar, gup_sewer_entry_bowl,
          chequers_decorated_corner
D:7:      nzn_winding_woodlands_stair_cross
          [nzn_winding_woodlands_5x15_pathside_ponds,
          nzn_winding_woodlands_center_pierced_h,
          nzn_winding_woodlands_5x15_parted,
          nzn_winding_woodlands_5x5_checkerboard,
          nzn_winding_woodlands_5x5_perimeter, nzn_winding_woodlands_5x15_cabin,
          nzn_winding_woodlands_center_diamonds,
          nzn_winding_woodlands_5x15_crooked], layout_basic,
          kennysheep_generic_room_14

Skill      XL: |  1  2  3  4  5  6  7  8  9 |
---------------+----------------------------+-----
Maces & Flails | 3 4 5 6 8 10 | 10.5
Fighting       | 2 3 4 5 6 |  6.6
Invocations    | 1 2 3 4 6 |  6.4
Throwing       | |  1.7
Dodging        | |  2.4

Action                   |  1- 3 |  4- 6 |  7- 9 | 10-12 || total
-------------------------+-------+-------+-------+-------++-------
Melee: Unarmed           |   114 |   101 |       |       ||   215
       Flail             |     2 |       |       |       ||     2
       Morningstar       |       |    23 |     4 |       ||    27
       Punch             |       |     1 |     4 |       ||     5
       Dire flail        |       |       |   219 |    32 ||   251
       Demon whip        |       |       |   163 |     6 ||   169
 Fire: Hunting sling     |       |       |    26 |     2 ||    28
Throw: Throwing net      |       |     4 |     1 |       ||     5
  Use: Scroll            |       |       |    11 |       ||    11
 Stab: Sleeping          |       |     3 |     1 |       ||     4
       Held in net/web   |       |     1 |       |       ||     1
Armor: Robe              |    56 |    35 |    59 |       ||   150
       Steam dragon scal |       |       |     7 |    16 ||    23
Dodge: Dodged            |    86 |    93 |   172 |    12 ||   363
Block: Other             |       |       |    35 |     6 ||    41
